NCAA
SOUTH CAROLINA GAMECOCKS @ TEXAS TECH RED RAIDERS
05/16/2024
 
TOP OF THE 1ST
South Carolina Gamecocks batting - Pitching for Texas Tech Red Raiders : RHP Valentín Mejía
Pitching: RHP Valentín Mejía
Batting: LHB Josh Pérez 0-0: Foul Ball, location: 2F
0-1: Ball
1-1: Ball
2-1: Ball
3-1: Base on Balls
Batting: RHB Lewis Carter 0-0: Ball
1-0: Called Strike
1-1: Ball
2-1: Grounds into double play, 6-4-3 (Groundball, 56)
Batting: RHB Junior Adams 0-0: Ball
1-0: SINGLE (Groundball, 56D)
Batting: RHB Doug O'Brien 0-0: Ball
1-0: Ball
2-0: Ball
3-0: Called Strike
3-1: Foul Ball, location: 2F
3-2: Foul Ball, location: 2F
3-2: Base on Balls
Junior Adams to second
Batting: RHB Carl Johnston 0-0: Called Strike
0-1: Hit by Pitch
Junior Adams to third
Doug O'Brien to second
Batting: RHB Clint Ratzlaff 0-0: Swinging Strike
0-1: Foul Ball, location: 2F
0-2: Ball
1-2: Foul Ball, location: 2F
1-2: Strikes out swinging
Top of the 1st over - 0 run(s), 1 hit(s), 0 error(s), 3 left on base; South Carolina 0 - Texas Tech 0
BOTTOM OF THE 1ST
Texas Tech Red Raiders batting - Pitching for South Carolina Gamecocks : RHP Bill Muńóz
Pitching: RHP Bill Muńóz
Batting: RHB Donovan James 0-0: Fly out, F6 (Line Drive, 6M)
Batting: LHB Albert Cardona 0-0: Foul Ball, location: 2F
0-1: Called Strike
0-2: Foul Ball, location: 2F
0-2: Ball
1-2: Fly out, F8 (Flyball, 8LM)
Batting: RHB Oliver Todd 0-0: Called Strike
0-1: Ball
1-1: Foul Ball, location: 2F
1-2: Strikes out swinging
Bottom of the 1st over - 0 run(s), 0 hit(s), 0 error(s), 0 left on base; South Carolina 0 - Texas Tech 0
TOP OF THE 2ND
South Carolina Gamecocks batting - Pitching for Texas Tech Red Raiders : RHP Valentín Mejía
Batting: RHB Fernando Pérez 0-0: SINGLE (Groundball, 6MD)
Batting: RHB José Zúńiga 0-0: Ball
1-0: Foul Ball, location: 2F
1-1: Foul Ball, location: 2F
1-2: Ball
2-2: Ball
3-2: Base on Balls
Fernando Pérez to second
Batting: RHB Gary Wyatt 0-0: Called Strike
0-1: Ball
1-1: Ball
2-1: Ball
3-1: Base on Balls
Fernando Pérez to third
José Zúńiga to second
Batting: LHB Josh Pérez 0-0: Ball
1-0: Called Strike
1-1: Swinging Strike
1-2: Fly out, F5 (Popup, 56S)
Batting: RHB Lewis Carter 0-0: Ball
1-0: Ball
2-0: Called Strike
2-1: Foul Ball, location: 2F
2-2: Strikes out swinging
Batting: RHB Junior Adams 0-0: Swinging Strike
0-1: Called Strike
0-2: Ball
1-2: Strikes out swinging
Top of the 2nd over - 0 run(s), 1 hit(s), 0 error(s), 3 left on base; South Carolina 0 - Texas Tech 0
BOTTOM OF THE 2ND
Texas Tech Red Raiders batting - Pitching for South Carolina Gamecocks : RHP Bill Muńóz
Batting: LHB Micheal Morgan 0-0: Ball
1-0: Ball
2-0: Foul Ball, location: 2F
2-1: Ball
3-1: Foul Ball, location: 2F
3-2: Foul Ball, location: 2F
3-2: DOUBLE (Flyball, 8LD)
Batting: RHB Bruce Jones 0-0: SINGLE (Line Drive, 6MD)
Micheal Morgan to third
Batting: RHB Steven Hill 0-0: Called Strike
0-1: Ball
1-1: Ball
2-1: Ball
3-1: 3-RUN HOME RUN (Line Drive, 78XD), Distance : 389 ft
Batting: RHB Ralph Wells 0-0: Ball
1-0: Called Strike
1-1: Called Strike
1-2: Ball
2-2: Strikes out swinging
Batting: RHB Terry Whitney 0-0: Ball
1-0: SINGLE (Line Drive, 56D)
Batting: RHB Jorge Calderón 0-0: Ball
1-0: Foul Ball, location: 2F
1-1: Ball
2-1: Called Strike
2-2: Ball
Single, Error in OF, E8, batter to second base
Terry Whitney to third
Batting: RHB Donovan James 0-0: Foul Ball, location: 2F
0-1: Swinging Strike
0-2: Ball
Wild Pitch!
Terry Whitney scores
Jorge Calderón to third
1-2: Foul Ball, location: 2F
1-2: Foul Ball, location: 2F
1-2: Ball
2-2: Ball
3-2: Strikes out swinging
Batting: LHB Albert Cardona 0-0: Ball
1-0: Called Strike
1-1: Swinging Strike
1-2: Ball
2-2: SINGLE (Groundball, 15) (infield hit)
Jorge Calderón scores
Batting: RHB Oliver Todd 0-0: Foul Ball, location: 2F
0-1: Swinging Strike
0-2: Ball
1-2: Fly out, F6 (Popup, 6MD)
Bottom of the 2nd over - 5 run(s), 6 hit(s), 1 error(s), 1 left on base; South Carolina 0 - Texas Tech 5
TOP OF THE 3RD
South Carolina Gamecocks batting - Pitching for Texas Tech Red Raiders : RHP Valentín Mejía
Batting: RHB Doug O'Brien 0-0: Ball
1-0: Fly out, F6 (Line Drive, 6)
Batting: RHB Carl Johnston 0-0: Swinging Strike
0-1: Ground out U3 (Groundball, 3S)
Batting: RHB Clint Ratzlaff 0-0: Called Strike
0-1: Ball
1-1: Ball
2-1: SINGLE (Line Drive, 7S)
Batting: RHB Fernando Pérez 0-0: Called Strike
Clint Ratzlaff is caught stealing 2nd base
Top of the 3rd over - 0 run(s), 1 hit(s), 0 error(s), 0 left on base; South Carolina 0 - Texas Tech 5
BOTTOM OF THE 3RD
Texas Tech Red Raiders batting - Pitching for South Carolina Gamecocks : RHP Bill Muńóz
Batting: LHB Micheal Morgan 0-0: Called Strike
0-1: Called Strike
0-2: Ball
1-2: SOLO HOME RUN (Line Drive, 7D), Distance : 374 ft
Batting: RHB Bruce Jones 0-0: Fly out, F8 (Flyball, 8RS)
Batting: RHB Steven Hill 0-0: Called Strike
0-1: Ball
1-1: Foul Ball, location: 2F
1-2: SINGLE (Groundball, 56D)
Batting: RHB Ralph Wells 0-0: Foul Ball, location: 2F
0-1: Grounds into double play, 6-4-3 (Groundball, 6)
Bottom of the 3rd over - 1 run(s), 2 hit(s), 0 error(s), 0 left on base; South Carolina 0 - Texas Tech 6
TOP OF THE 4TH
South Carolina Gamecocks batting - Pitching for Texas Tech Red Raiders : RHP Valentín Mejía
Batting: RHB Fernando Pérez 0-0: Called Strike
0-1: Ball
1-1: Swinging Strike
1-2: Foul Ball, location: 2F
1-2: Foul Ball, location: 2F
1-2: Foul Ball, location: 2F
1-2: Fly out, F8 (Flyball, 8LM)
Batting: RHB José Zúńiga 0-0: Ball
1-0: Ground out 1-3 (Groundball, 13)
Batting: RHB Gary Wyatt 0-0: Ball
1-0: Swinging Strike
1-1: Fly out, F4 (Popup, 4MD)
Top of the 4th over - 0 run(s), 0 hit(s), 0 error(s), 0 left on base; South Carolina 0 - Texas Tech 6
BOTTOM OF THE 4TH
Texas Tech Red Raiders batting - Pitching for South Carolina Gamecocks : RHP Bill Muńóz
Batting: RHB Terry Whitney 0-0: Called Strike
0-1: Called Strike
0-2: Ball
1-2: Ball
2-2: Foul Ball, location: 2F
2-2: Ball
3-2: Strikes out swinging
Batting: RHB Jorge Calderón 0-0: Ball
1-0: Foul Ball, location: 2F
1-1: Ball
2-1: Ball
3-1: Base on Balls
Batting: RHB Donovan James 0-0: Foul Ball, location: 2F
0-1: Swinging Strike
0-2: Ball
1-2: Foul Ball, location: 2F
1-2: Ball
2-2: Foul Ball, location: 2F
2-2: Strikes out swinging
Pitching: RHP Kelly Sheehan
Batting: LHB Albert Cardona 0-0: Called Strike
0-1: Called Strike
0-2: Ball
1-2: SINGLE (Groundball, 15) (infield hit)
Jorge Calderón to second
Batting: RHB Oliver Todd 0-0: Foul Ball, location: 2F
0-1: Called Strike
0-2: Ball
1-2: Ball
2-2: Strikes out swinging
Bottom of the 4th over - 0 run(s), 1 hit(s), 0 error(s), 2 left on base; South Carolina 0 - Texas Tech 6
TOP OF THE 5TH
South Carolina Gamecocks batting - Pitching for Texas Tech Red Raiders : RHP Valentín Mejía
Batting: LHB Josh Pérez 0-0: Called Strike
0-1: Foul Ball, location: 2F
0-2: Foul Ball, location: 2F
0-2: Foul Ball, location: 2F
0-2: Foul Ball, location: 2F
0-2: Ball
1-2: SINGLE (Groundball, 4MD)
Batting: RHB Lewis Carter 0-0: Ball
1-0: Fly out, F9 (Flyball, 9M)
Pitching: RHP Joe Allen
Batting: RHB Junior Adams 0-0: Ball
1-0: Called Strike
1-1: Swinging Strike
1-2: Fly out, F7 (Flyball, 78M)
Batting: RHB Doug O'Brien 0-0: Called Strike
0-1: Swinging Strike
0-2: Ball
1-2: Ball
2-2: Ball
3-2: Base on Balls
Josh Pérez to second
Batting: RHB Carl Johnston 0-0: Ball
1-0: Fly out, F9 (Flyball, 9M)
Top of the 5th over - 0 run(s), 1 hit(s), 0 error(s), 2 left on base; South Carolina 0 - Texas Tech 6
BOTTOM OF THE 5TH
Texas Tech Red Raiders batting - Pitching for South Carolina Gamecocks : RHP Kelly Sheehan
Batting: LHB Micheal Morgan 0-0: Ball
1-0: Ball
2-0: Ground out 4-3 (Groundball, 4)
Batting: RHB Bruce Jones 0-0: Ball
1-0: Called Strike
1-1: Ball
2-1: SINGLE (Flyball, 78S)
Batting: RHB Steven Hill 0-0: Ball
1-0: Ball
2-0: Ball
3-0: Base on Balls
Bruce Jones to second
Batting: RHB Ralph Wells 0-0: Called Strike
0-1: Called Strike
0-2: Strikes out swinging
Batting: RHB Terry Whitney 0-0: Called Strike
0-1: Foul Ball, location: 2F
0-2: Ball
1-2: Strikes out swinging
Bottom of the 5th over - 0 run(s), 1 hit(s), 0 error(s), 2 left on base; South Carolina 0 - Texas Tech 6
TOP OF THE 6TH
South Carolina Gamecocks batting - Pitching for Texas Tech Red Raiders : RHP Joe Allen
Batting: RHB Clint Ratzlaff 0-0: Bunt missed!
0-1: Called Strike
0-2: Strikes out looking
Batting: RHB Fernando Pérez 0-0: Called Strike
0-1: Ball
1-1: Foul Ball, location: 2F
1-2: Fly out, F8 (Line Drive, 8LM)
Batting: RHB José Zúńiga 0-0: Foul Ball, location: 2F
0-1: Called Strike
0-2: Foul Ball, location: 2F
0-2: Ground out 5-3 (Groundball, 56)
Top of the 6th over - 0 run(s), 0 hit(s), 0 error(s), 0 left on base; South Carolina 0 - Texas Tech 6
BOTTOM OF THE 6TH
Texas Tech Red Raiders batting - Pitching for South Carolina Gamecocks : RHP Kelly Sheehan
Batting: RHB Jorge Calderón 0-0: Called Strike
0-1: Ball
1-1: Hit by Pitch
Batting: RHB Donovan James 0-0: Called Strike
0-1: Fly out, F9 (Flyball, 9LMF)
Batting: LHB Albert Cardona 0-0: Foul Ball, location: 2F
0-1: Called Strike
0-2: SINGLE (Line Drive, 6D)
Jorge Calderón to second
Batting: RHB Oliver Todd 0-0: Ball
1-0: Called Strike
Reached via error on a dropped throw, E4
Jorge Calderón to third
Albert Cardona to second
Pitching: RHP Joseph Salinas
Batting: LHB Micheal Morgan 0-0: Grounds into fielders choice 1-2 (Groundball, 25)
Albert Cardona to third
Oliver Todd to second
Batting: RHB Bruce Jones 0-0: Ball
1-0: Foul Ball, location: 2F
1-1: Foul Ball, location: 2F
1-2: Strikes out looking
Bottom of the 6th over - 0 run(s), 1 hit(s), 1 error(s), 3 left on base; South Carolina 0 - Texas Tech 6
TOP OF THE 7TH
South Carolina Gamecocks batting - Pitching for Texas Tech Red Raiders : RHP Joe Allen
Batting: RHB Gary Wyatt 0-0: Ball
1-0: Swinging Strike
1-1: Swinging Strike
1-2: SINGLE (Groundball, 4M)
Batting: LHB Josh Pérez 0-0: SINGLE (Line Drive, 34D)
Gary Wyatt to second
Runner from 2nd tries for 3rd, SAFE, throw made to third
Josh Pérez to second
Batting: RHB Lewis Carter 0-0: Called Strike
0-1: Ball
1-1: Foul Ball, location: 2F
1-2: Foul Ball, location: 2F
1-2: Strikes out swinging
Pitching: LHP Mitchell Jenkins
Batting: RHB Junior Adams 0-0: Foul Ball, location: 2F
0-1: Ground out 6-3 (Groundball, 6)
Gary Wyatt scores
Josh Pérez to third
Batting: RHB Doug O'Brien 0-0: Called Strike
0-1: Ball
1-1: Foul Ball, location: 2F
1-2: Ball
2-2: Ball
3-2: SINGLE (Groundball, 34)
Josh Pérez scores
Batting: RHB Carl Johnston 0-0: Ball
1-0: Ball
2-0: Swinging Strike
2-1: Foul Ball, location: 2F
2-2: Ball
3-2: Base on Balls
Doug O'Brien to second
Batting: RHB Clint Ratzlaff 0-0: Foul Ball, location: 2F
0-1: Foul Ball, location: 2F
0-2: Strikes out swinging
Top of the 7th over - 2 run(s), 3 hit(s), 0 error(s), 2 left on base; South Carolina 2 - Texas Tech 6
BOTTOM OF THE 7TH
Texas Tech Red Raiders batting - Pitching for South Carolina Gamecocks : RHP Joseph Salinas
Batting: RHB Steven Hill 0-0: Swinging Strike
0-1: Called Strike
0-2: Foul Ball, location: 2F
0-2: Strikes out looking
Batting: RHB Ralph Wells 0-0: Ball
1-0: Foul Ball, location: 2F
1-1: Foul Ball, location: 2F
1-2: Ball
2-2: Strikes out swinging
Batting: RHB Terry Whitney 0-0: Ground out 5-3 (Groundball, 56)
Bottom of the 7th over - 0 run(s), 0 hit(s), 0 error(s), 0 left on base; South Carolina 2 - Texas Tech 6
TOP OF THE 8TH
South Carolina Gamecocks batting - Pitching for Texas Tech Red Raiders : LHP Mitchell Jenkins
Batting: RHB Fernando Pérez 0-0: Ball
1-0: Ground out 5-3 (Groundball, 56S)
Batting: RHB José Zúńiga 0-0: Called Strike
0-1: Foul Ball, location: 2F
0-2: Ground out 6-3 (Groundball, 6)
Batting: RHB Gary Wyatt 0-0: Ball
1-0: Called Strike
1-1: Ball
2-1: Ball
3-1: Swinging Strike
3-2: Base on Balls
Batting: LHB Josh Pérez 0-0: Ball
1-0: Ball
2-0: Ball
3-0: Base on Balls
Gary Wyatt to second
Pitching: RHP Ronald Stone
Batting: RHB Lewis Carter 0-0: Ball
1-0: Ball
2-0: Called Strike
2-1: Ball
3-1: Swinging Strike
3-2: Base on Balls
Gary Wyatt to third
Josh Pérez to second
Batting: RHB Junior Adams 0-0: Ball
1-0: Ball
2-0: Ball
3-0: Swinging Strike
3-1: Swinging Strike
3-2: Base on Balls
Gary Wyatt scores
Josh Pérez to third
Lewis Carter to second
Batting: RHB Doug O'Brien 0-0: Ball
1-0: Foul Ball, location: 2F
1-1: Ball
2-1: Ball
3-1: Base on Balls
Josh Pérez scores
Lewis Carter to third
Junior Adams to second
Batting: RHB Carl Johnston 0-0: Ball
1-0: Ball
2-0: Ball
3-0: Base on Balls
Lewis Carter scores
Junior Adams to third
Doug O'Brien to second
Batting: RHB Clint Ratzlaff 0-0: Foul Ball, location: 2F
0-1: Fielders Choice at 2nd, U6 (Groundball, 6M)
Top of the 8th over - 3 run(s), 0 hit(s), 0 error(s), 3 left on base; South Carolina 5 - Texas Tech 6
BOTTOM OF THE 8TH
Texas Tech Red Raiders batting - Pitching for South Carolina Gamecocks : RHP Joseph Salinas
Batting: RHB Jorge Calderón 0-0: Called Strike
0-1: Called Strike
0-2: Ball
1-2: Ball
2-2: Ball
3-2: Foul Ball, location: 2F
3-2: Foul Ball, location: 2F
3-2: Strikes out swinging
Pitching: RHP Dan McKnight
Batting: RHB Donovan James 0-0: Ball
1-0: Ball
2-0: Called Strike
2-1: SOLO HOME RUN (Flyball, 78XD), Distance : 374 ft
Batting: LHB Albert Cardona 0-0: Ball
1-0: Ball
2-0: Ball
3-0: Called Strike
3-1: Base on Balls
Batting: RHB Oliver Todd 0-0: Foul Ball, location: 2F
0-1: Called Strike
0-2: Ball
1-2: Ball
2-2: Strikes out swinging
Batting: LHB Micheal Morgan 0-0: Ball
1-0: Foul Ball, location: 2F
1-1: Called Strike
1-2: Ball
2-2: Fly out, F7 (Flyball, 78M)
Bottom of the 8th over - 1 run(s), 1 hit(s), 0 error(s), 1 left on base; South Carolina 5 - Texas Tech 7
TOP OF THE 9TH
South Carolina Gamecocks batting - Pitching for Texas Tech Red Raiders : RHP Ronald Stone
Pitching: RHP Alan Bailey
Batting: RHB Fernando Pérez 0-0: Called Strike
0-1: Ball
1-1: Ball
2-1: Called Strike
2-2: Ball
3-2: Fly out, F2 (Popup, 2LF)
Batting: RHB José Zúńiga 0-0: Ball
1-0: Ball
2-0: Called Strike
2-1: Called Strike
2-2: Strikes out swinging
Batting: RHB Gary Wyatt 0-0: Ball
1-0: Ground out 4-3 (Groundball, 34)
Top of the 9th over - 0 run(s), 0 hit(s), 0 error(s), 0 left on base; South Carolina 5 - Texas Tech 7
This league is powered by Out of the Park Baseball, the baseball management simulation game for PC, Mac and Linux
Saturday, April 9th, 2016 - OOTP Baseball 16.8 Build 38